AoeStats
← C.R.O

Arabia

508993322Analyzed
3v3 RM · 7d ago on Sep 25, 2026· 53m 3s· 6 players
Game mode
Random Map
Map size
Normal (6 player)
Population
200
Speed
Normal
Resources
Standard
Victory
Conquest
Starting age
Dark Age
Ending age
Imperial Age
RankedLock teamsTeams togetherTeam positionsShared explorationLock speedFull tech treeHidden civsTurbo modeCheats
Victory
Defeat
🇺🇾 Vietnamese · Uruguay
946
+9
🇺🇾 Varangians · Uruguay
931
+9
🇺🇾 Wei · Uruguay
821
+13
🇹🇷 Mongols · Türkiye
821
-12
🇳🇿 Celts · New Zealand
796
-11
🇦🇺 Spanish · Australia
713
-8
golgi
10:08 Feudal Age
17:07 Scale Barding Armor
22:34 Castle Age
22:25 Double-Bit Axe
23:54 Forging
23:32 Horse Collar
28:13 Town Watch
30:24 Loom
31:14 Wheelbarrow
31:34 Iron Casting
34:44 Bloodlines
34:36 Husbandry
34:56 Elite Skirmisher
35:41 Thumb Ring
39:29 Fletching
39:40 Padded Archer Armor
Pheonix028
2:49 Loom
15:49 Feudal Age
16:41 Double-Bit Axe
16:38 Horse Collar
17:59 Gold Mining
23:13 Stone Mining
26:03 Castle Age
24:39 Wheelbarrow
23:50 Town Watch
27:18 Heavy Plow
27:09 Town Watch
28:57 Ballistics
33:30 Fletching
46:00 Fortified Wall
symon.mcare
8:28 Loom
10:17 Feudal Age
11:01 Double-Bit Axe
26:18 Castle Age
26:40 Stone Mining
31:05 Padded Archer Armor
31:53 Bow Saw
33:09 Husbandry
36:01 Horse Collar
45:36 Imperial Age
canarias
8:24 Loom
11:36 Feudal Age
13:59 Double-Bit Axe
17:12 Castle Age
15:14 Double-Bit Axe
19:26 Bow Saw
23:59 Forging
23:55 Scale Barding Armor
35:22 Scale Barding Armor
35:53 Iron Casting
38:59 Wheelbarrow
38:10 Town Watch
42:33 Imperial Age
44:55 Blast Furnace
44:15 Chain Barding Armor
44:55 Hand Cart
44:41 Town Patrol
45:10 Elite Jarl
46:15 Conscription
46:54 Chain Barding Armor
braianr1318
7:42 Loom
10:21 Feudal Age
11:58 Double-Bit Axe
12:59 Wheelbarrow
16:39 Fletching
20:09 Forging
20:00 Padded Archer Armor
24:43 Castle Age
24:47 Gold Mining
25:28 Crossbowman
26:14 Thumb Ring
27:24 Hand Cart
27:36 Bodkin Arrow
27:57 Leather Archer Armor
30:55 Bow Saw
30:54 Stone Mining
33:23 Horse Collar
35:12 Husbandry
35:22 Bloodlines
34:34 Light Cavalry
36:22 Stone Shaft Mining
40:23 Imperial Age
37:40 Town Watch
38:44 Iron Casting
37:57 Elite Skirmisher
41:52 Imperial Skirmisher
43:05 Ballistics
43:46 Chemistry
42:21 Onager
C.R.O
8:44 Loom
10:33 Feudal Age
13:04 Double-Bit Axe
17:17 Bloodlines
19:56 Town Watch
20:48 Wheelbarrow
22:35 Castle Age
24:08 Wheelbarrow
24:37 Husbandry
27:27 Scale Barding Armor
27:33 Forging
29:25 Gold Mining
29:26 Stone Mining
30:14 Scale Mail Armor
30:38 Chain Barding Armor
30:54 Iron Casting
46:33 Imperial Age
46:07 Tuntian
49:05 Spies/Treason
Connection lost

Rejoining the realm…

Still unreachable

The connection could not be restored.

Session expired

The server has moved on; the page needs a fresh start.